3210 views
Uploaded 2020-04-25 08:23:58
Game version 1.32.3
12:43 long 1on1 custom game on (4)TwistedMeadows
Game name "W3Champions-20-26iyszDLbS"
Saved by Dziango
3210 views
Uploaded 2020-04-25 08:23:58
Game version 1.32.3
12:43 long 1on1 custom game on (4)TwistedMeadows
Game name "W3Champions-20-26iyszDLbS"
17 units @ 3k
/ 0.5k
10 buildings @ 1.6k
/ 0.5k


| Rod of Necromancy | 3 | 450 |
| Orb of Corruption | 1 | 375 |
| Dust of Appearance | 2 | 150 |
| Potion of Lesser Invulnerability | 1 | 150 |
| total: | 7 | 1125g |
| Acolyte | 3 | 225 | / | 0 |
| Ghoul | 2 | 240 | / | 0 |
| Crypt Fiend | 8 | 1720 | / | 320 |
| Obsidian Statue | 4 | 800 | / | 140 |
| total: | 17 | 2985g | / | 460w |
| Nerubian Tower | 1 | 100 | / | 20 |
| Ziggurat | 5 | 750 | / | 250 |
| Altar of Darkness | 1 | 180 | / | 50 |
| Crypt | 1 | 200 | / | 50 |
| Tomb of Relics | 1 | 130 | / | 30 |
| Graveyard | 1 | 215 | / | 0 |
| Slaughterhouse | 1 | 140 | / | 135 |
| Halls of the Dead | 1 | 320 | / | 210 |
| Black Citadel | 1 | 325 | / | 230 |
| total: | 10 | 1615g | / | 515w |
| 0:01 | Acolyte |
| 0:03 | Ziggurat |
| 0:05 | Altar of Darkness |
| 0:08 | Acolyte |
| 0:32 | Crypt |
| 0:40 | Acolyte |
| 0:56 | Tomb of Relics |
| 1:18 | Graveyard |
| 1:32 | Ghoul |
| 1:47 | Ghoul |
| 1:57 | Nerubian Tower |
| 2:05 | Rod of Necromancy |
| 2:06 | Death Coil |
| 2:44 | Halls of the Dead |
| 2:55 | Ziggurat |
| 2:57 | Ziggurat |
| 3:12 | Crypt Fiend |
| 3:36 | Crypt Fiend |
| 3:47 | Rod of Necromancy |
| 3:56 | Dust of Appearance |
| 4:17 | Crypt Fiend |
| 4:39 | Unholy Aura |
| 5:16 | Web |
| 5:50 | Slaughterhouse |
| 5:54 | Ziggurat |
| 6:06 | Frost Armor |
| 6:11 | Rod of Necromancy |
| 6:52 | Black Citadel |
| 6:57 | Obsidian Statue |
| 7:13 | Ziggurat |
| 7:23 | Burrow |
| 7:50 | Obsidian Statue |
| 7:54 | Death Coil |
| 8:07 | Potion of Lesser Invulnerability |
| 8:07 | Dust of Appearance |
| 8:16 | Crypt Fiend |
| 8:19 | Frost Nova |
| 8:27 | Creature Attack |
| 8:56 | Crypt Fiend |
| 9:28 | Obsidian Statue |
| 10:27 | Obsidian Statue |
| 10:38 | Crypt Fiend |
| 10:39 | Backpack |
| 11:04 | Destroyer Form |
| 11:08 | Crypt Fiend |
| 11:12 | Orb of Corruption |
| 11:48 | Crypt Fiend |
27 units @ 3.1k
/ 0.3k
10 buildings @ 1.6k
/ 0.6k



| Healing Salve | 4 | 400 |
| Lesser Clarity Potion | 3 | 210 |
| Orb of Lightning | 1 | 375 |
| Potion of Healing | 3 | 450 |
| total: | 11 | 1435g |
| Peon | 11 | 825 | / | 0 |
| Grunt | 1 | 200 | / | 0 |
| Troll Headhunter | 4 | 560 | / | 80 |
| Shaman | 5 | 650 | / | 100 |
| Troll Berserker | 6 | 840 | / | 120 |
| total: | 27 | 3075g | / | 300w |
| Altar of Storms | 1 | 180 | / | 50 |
| Orc Burrow | 4 | 640 | / | 160 |
| Voodoo Lounge | 1 | 130 | / | 30 |
| Barracks | 1 | 180 | / | 50 |
| War Mill | 1 | 205 | / | 0 |
| Spirit Lodge | 1 | 150 | / | 150 |
| Tauren Totem | 1 | 135 | / | 155 |
| Stronghold | 3 | 945 | / | 570 |
| Fortress | 1 | 325 | / | 190 |
| total: | 10 | 1620g | / | 595w |
| 0:01 | Peon |
| 0:05 | Altar of Storms |
| 0:07 | Peon |
| 0:17 | Orc Burrow |
| 0:20 | Peon |
| 0:20 | Peon |
| 0:49 | Voodoo Lounge |
| 0:51 | Peon |
| 0:54 | Peon |
| 0:54 | Peon |
| 0:54 | Peon |
| 0:54 | Peon |
| 1:06 | Peon |
| 1:17 | Peon |
| 2:04 | Stronghold |
| 2:06 | Healing Salve |
| 2:06 | Healing Salve |
| 2:06 | Healing Salve |
| 2:07 | Lesser Clarity Potion |
| 2:08 | Critical Strike |
| 2:23 | Barracks |
| 2:53 | War Mill |
| 3:19 | Orc Burrow |
| 3:25 | Grunt |
| 3:36 | Orc Burrow |
| 4:35 | Spirit Lodge |
| 4:45 | Wind Walk |
| 4:55 | Troll Regeneration |
| 5:14 | Fortress |
| 5:37 | Healing Wave |
| 5:38 | Troll Headhunter |
| 6:00 | Troll Headhunter |
| 6:03 | Shaman Adept Training |
| 6:29 | Troll Headhunter |
| 7:06 | Shaman |
| 7:13 | Troll Headhunter |
| 7:14 | Shaman |
| 7:19 | Tauren Totem |
| 7:31 | Lesser Clarity Potion |
| 7:40 | Berserker Upgrade |
| 7:48 | Orc Burrow |
| 7:49 | Shaman Master Training |
| 8:20 | Hex |
| 8:24 | Lesser Clarity Potion |
| 8:37 | Orb of Lightning |
| 8:43 | Endurance Aura |
| 8:58 | Shaman |
| 9:09 | Potion of Healing |
| 9:22 | Troll Berserker |
| 9:59 | Potion of Healing |
| 10:12 | Troll Berserker |
| 10:31 | Troll Berserker |
| 10:45 | Potion of Healing |
| 11:04 | Troll Berserker |
| 11:09 | Healing Salve |
| 11:25 | Shaman |
| 11:39 | Troll Berserker |
| 12:04 | Troll Berserker |
| 12:05 | Shaman |
⇛